 Dungeon Crawl Stone Soup version 0.31.0-11-ge490571c62 (webtiles) character file.

Game seed: 6928684168961109611

1712302 iamserjio the Warmonger (level 25, 235/235 HPs)
             Began as an Armataur Hexslinger on Jan 26, 2024.
             Was a High Priest of Okawaru.
             Escaped with the Orb
             ... and 3 runes
             ... and 1 gem!
             The game lasted 02:27:32 (71369 turns).

iamserjio the Warmonger (Armataur Hexslinger)      Turns: 71369, Time: 02:27:32

Health: 235/235    AC: 50    Str: 28    XL:     25   Next: 44%
Magic:  37/37      EV: 21    Int: 11    God:    Okawaru [*****.]
Gold:   5250       SH: 18    Dex: 21    Spells: 13/26 levels left

rFire   + + .        W - +9 eveningstar (freeze)
rCold   + . .        I - +5 kite shield {reflect}
rNeg    + . .        b - +2 shadow dragon scales "Fekhlya" {+Blink rElec rF+ Stlth++++}
rPois   +            V - +2 helmet "Oxioq" {Regen+ rCorr Int-2 Dex+3}
rElec   +            y - scarf {rC+ rF+}
rCorr   +            J - +4 pair of gloves of the Shoals {Regen+ rCorr Dex+4 Stlth+}
SInv    .            f - +10 Black Knight's barding {ponderous, rPois rN+}
Will    ++...        p - amulet of faith
Stlth   ++           R - ring of the Hare {EV+10}
HPRegen 2.19/turn    O - ring "Bubig" {Will+ Dex+3}
MPRegen 0.25/turn

%: reflection, roll, faith
@: studying Ice Magic, slow
A: large, deformed body, tough skin 3, armoured tail, roll 2, iridescent scales
1, dopey 1, strong 1, evolution 1, persistent drain
0: Orb of Zot
}: 3/15 runes: decaying, serpentine, slimy
a: Renounce Religion, Evoke Blink, Heroism, Finesse, Duel


You escaped.
You worshipped Okawaru.
Okawaru was extremely pleased with you.
You visited 11 branches of the dungeon, and saw 52 of its levels.
You also visited: Gauntlet and Ice Cave.

You collected 7046 gold pieces.
You spent 1796 gold pieces at shops.

Inventory:

Hand Weapons
 e - the +7 flail of Minus {freeze, +Blink rF- rN+}
   (You took it off a centaur warrior on level 14 of the Dungeon)

   rF-:       It makes you vulnerable to fire.
   rN+:       It protects you from negative energy.
   +Blink:    It lets you blink.
 j - the +7 war axe of Putrescence {antimagic, ^Drain rC++}
   (You took it off a frost giant on level 3 of the Depths)

   rC++:      It greatly protects you from cold.
   ^Drain:    It drains your maximum health when unequipped.
 w - a +2 demon whip of distortion
 W - a +9 eveningstar of freezing (weapon)
Missiles
 H - 19 silver javelins
 L - 11 darts of dispersal
 M - 9 curare-tipped darts
 P - 18 javelins (quivered)
 Y - 2 throwing nets {!f}
Armour
 b - the +2 shadow dragon scales "Fekhlya" (worn) {+Blink rElec rF+ Stlth++++}
   (You took it off a deep elf high priest on level 3 of the Elven Halls)

   rF+:       It protects you from fire.
   rElec:     It insulates you from electricity.
   +Blink:    It lets you blink.
   Stlth++++: It makes you much more stealthy.
 f - the +10 Black Knight's barding (worn) {ponderous, rPois rN+}
   (You found it on level 3 of the Elven Halls)

   rPois:     It protects you from poison rN+: It protects you from negative
   energy.
 y - a scarf of resistance (worn)
 I - a +5 kite shield of reflection (worn)
 J - the +4 pair of gloves of the Shoals (worn) {Regen+ rCorr Dex+4 Stlth+}
   (Okawaru gifted it to you on level 2 of the Depths)

   Dex+4:     It affects your dexterity (+4).
   Regen+:    It increases your rate of health regeneration.
   rCorr:     It protects you from acid and corrosion.
   Stlth+:    It makes you more stealthy.
 V - the +2 helmet "Oxioq" (worn) {Regen+ rCorr Int-2 Dex+3}
   (You found it in a Gauntlet)

   Int-2:     It affects your intelligence (-2).
   Dex+3:     It affects your dexterity (+3).
   Regen+:    It increases your rate of health regeneration.
   rCorr:     It protects you from acid and corrosion.
Jewellery
 d - a ring of willpower
 l - an amulet of guardian spirit
 m - the ring of Oqiuceot {Fly Str+4 Int+3 SInv}
   (You found it on level 2 of the Depths)

   [ring of see invisible]

   Str+4:     It affects your strength (+4).
   Int+3:     It affects your intelligence (+3).
   SInv:      It lets you see invisible.
   Fly:       It grants you flight.
 p - an amulet of faith (around neck)
 s - the ring "Azor" {Fly rF+ rC+ Dex+6 Stlth+}
   (You took it off a spriggan rider on level 3 of the Swamp)

   [ring of dexterity]

   Dex+6:     It affects your dexterity (+6).
   rF+:       It protects you from fire.
   rC+:       It protects you from cold.
   Fly:       It grants you flight.
   Stlth+:    It makes you more stealthy.
 v - a ring of positive energy
 z - the ring "Owetaevo" {rF+ rCorr}
   (You found it on level 2 of the Orcish Mines)

   [ring of resist corrosion]

   rF+:       It protects you from fire.
   rCorr:     It protects you from acid and corrosion.
 A - a ring of flight
 N - a ring of protection from fire
 O - the ring "Bubig" (right hand) {Will+ Dex+3}
   (You found it on level 5 of the Pits of Slime)

   [ring of willpower]

   Dex+3:     It affects your dexterity (+3).
   Will+:     It increases your willpower.
 R - the ring of the Hare (left hand) {EV+10}
   (You took it off a deep elf high priest on level 3 of the Elven Halls)

   [ring of evasion]

   EV+10:     It affects your evasion (+10).
 Z - the ring of Qeed {Will+ rCorr Int+6 Dex-4}
   (You found it on level 2 of the Depths)

   [ring of intelligence]

   Int+6:     It affects your intelligence (+6).
   Dex-4:     It affects your dexterity (-4).
   Will+:     It increases your willpower.
   rCorr:     It protects you from acid and corrosion.
Wands
 c - a wand of roots (45)
 g - a wand of paralysis (18)
 n - a wand of light (44)
 X - a wand of digging (2) {@v3}
Scrolls
 u - 8 scrolls of blinking {@r4}
 x - 12 scrolls of teleportation {@r3}
 C - 4 scrolls of fear
 F - 4 scrolls of fog
 S - 4 scrolls of silence
Potions
 a - a potion of mutation
 h - 7 potions of might {@q3}
 i - 10 potions of heal wounds {@q2}
 k - 3 potions of haste {@q4}
 r - 18 potions of curing {@q1}
 t - 4 potions of resistance {@q5}
 B - a potion of berserk rage
 D - 6 potions of enlightenment
 E - 2 potions of magic
 G - a potion of invisibility
 Q - 9 potions of attraction
 T - 8 potions of lignification
 U - 2 potions of cancellation
Miscellaneous
 o - a phial of floods


   Skills:
 - Level 21.0 Fighting
 - Level 1.3 Short Blades
 - Level 17.5 Maces & Flails
 - Level 1.3 Ranged Weapons
 - Level 17.9 Throwing
 - Level 21.0 Armour
 - Level 10.9 Dodging
 - Level 10.0 Shields
 - Level 1.0 Spellcasting
 - Level 4.0 Hexes
 - Level 0.8 Fire Magic
 - Level 1.0 Ice Magic
 * Level 21.8 Invocations
 - Level 11.0 Evocations


You had 13 spell levels left.
You knew the following spells:

 Your Spells              Type           Power      Damage    Failure   Level
a - Jinxbite              Hex            18%        N/A       38%         2
b - Sigil of Binding      Hex            9%         N/A       63%         3
c - Passage of Golubria   Tloc           0%         N/A       100%        4
d - Apportation           Tloc           0%         N/A       80%         1
e - Passwall              Erth           0%         N/A       99%         3

Your spell library contained the following spells:

 Spells                   Type           Power      Damage    Failure   Level
 Slow                     Hex            36%        N/A       26%         1
 Ensorcelled Hibernation  Hex/Ice        12%        N/A       58%         2
 Confusing Touch          Hex            9%         N/A       63%         3
 Foxfire                  Conj/Fire      4%         2x1d4     75%         1
 Kiss of Death            Conj/Necr      0%         2d5       80%         1
 Magic Dart               Conj           0%         1d3       80%         1
 Necrotise                Necr           0%         1d4       80%         1
 Sting                    Conj/Alch      0%         1d3       80%         1
 Inner Flame              Hex/Fire       5%         N/A       83%         3
 Dazzling Flash           Conj/Hex       8%         N/A       88%         3
 Blink                    Tloc           0%         N/A       91%         2
 Lesser Beckoning         Tloc           0%         N/A       91%         2
 Momentum Strike          Conj/Tloc      0%         3d8       91%         2
 Searing Ray              Conj           0%         2d4       91%         2
 Static Discharge         Conj/Air       0%         3-3/arc   91%         2
 Frozen Ramparts          Ice            4%         1d1       95%         3
 Ozocubu's Armour         Ice            2%         N/A       95%         3
 Cause Fear               Hex            4%         N/A       95%         4
 Volatile Blastmotes      Fire/Tloc      2%         2d10      98%         3
 Gell's Gravitas          Tloc           0%         N/A       99%         3
 Swiftness                Air            0%         N/A       99%         3
 Teleport Other           Tloc           0%         N/A       99%         3
 Vampiric Draining        Necr           0%         2d6       99%         3
 Dimensional Bullseye     Hex/Tloc       2%         N/A       99%         4
 Airstrike                Air            0%         2d(0-16)  100%        4
 Dispel Undead            Necr           0%         3d6       100%        4
 Flame Wave               Conj/Fire      1%         2d4       100%        4
 Fulminant Prism          Conj/Alch      0%         3d5       100%        4
 Ignite Poison            Fire/Alch      1%         N/A       100%        4
 Iskenderun's Mystic Bla  Conj/Tloc      0%         2d3       100%        4
 Leda's Liquefaction      Alch/Erth      0%         N/A       100%        4
 Manifold Assault         Tloc           0%         N/A       100%        4
 Olgreb's Toxic Radiance  Alch           0%         N/A       100%        4
 Petrify                  Alch/Erth      0%         N/A       100%        4
 Sticky Flame             Fire/Alch      1%         2d4       100%        4
 Lee's Rapid Deconstruct  Erth           0%         3d4*      100%        5
 Metabolic Englaciation   Hex/Ice        3%         N/A       100%        5
 Silence                  Hex/Air        2%         N/A       100%        5
 Bombard                  Conj/Erth      0%         9d1       100%        6
 Conjure Ball Lightning   Conj/Air       0%         3x3d6     100%        6
 Dispersal                Tloc           0%         N/A       100%        6
 Eringya's Noxious Bog    Alch           0%         4d6       100%        6
 Starburst                Conj/Fire      0%         6d3       100%        6
 Discord                  Hex            4%         N/A       100%        8
 Disjunction              Tloc           0%         N/A       100%        8
 Ignition                 Fire           1%         3d3       100%        8
 Lehudib's Crystal Spear  Conj/Erth      0%         10d2      100%        8
 Maxwell's Capacitive Co  Air            0%         ∞         100%        8
 Tukima's Dance           Hex            Unusable   N/A       N/A         3
 Summon Small Mammal      Summ           Unusable   N/A       N/A         1
 Summon Lightning Spire   Summ/Air       Unusable   N/A       N/A         4
 Sculpt Simulacrum        Ice/Alch       Unusable   N/A       N/A         6

Dungeon Overview and Level Annotations

Branches:
Dungeon (15/15)            Temple (1/1) D:4            Lair (5/5) D:11
  Swamp (4/4) Lair:3        Snake (4/4) Lair:2        Slime (5/5) Lair:4
    Orc (2/2) D:12            Elf (3/3) Orc:2        Vaults (4/5) D:14
  Crypt (0/3) Vaults:3     Depths (4/4) D:15            Zot (5/5) Depths:4
  IceCv (visited)         Gauntlet (visited)

Altars:
Ashenzari
Cheibriados
Dithmenos
Elyvilon
Fedhas
Gozag
Hepliaklqana
Kikubaaqudgha
Makhleb
Nemelex Xobeh
Okawaru
Qazlal
Ru
Sif Muna
Trog
Uskayaw
Vehumet
Wu Jian
Xom
Yredelemnul
Zin
The Shining One
Jiyva
Lugonu

Shops:
Orc:2 ::[   Vaults:4 [   Depths:1 ?[:*   Depths:4 *

Portals:
Hell: Depths:1 Depths:2 Depths:3 Depths:4
Abyss: Vaults:2 Depths:1 Depths:3
Pandemonium: Depths:1 Depths:2
Ziggurat: Depths:4

Annotations:
D:5 exclusion: door
D:11 1 exclusion
D:14 2 exclusions
Lair:2 1 exclusion
Lair:5 1 exclusion, Amaterasu's ghost, journeyman TrSh
Elf:3 6 transporters
Vaults:2 2 transporters, dolemite99's ghost, veteran DrFE
Depths:2 2 transporters
Zot:1 exclusions: door and 2 more exclusions


Innate Abilities, Weirdness & Mutations

Armour fits poorly on your strangely shaped body.
You have extremely tough skin. (AC +3)
You have a long armoured tail.
You regenerate magic and health when rolling toward enemies. (Rampage Regen)
You are partially covered in iridescent scales. (AC +2)
You are dopey. (Int -2)
Your muscles are strong. (Str +4, Int/Dex -1)
You have hidden genetic potential.
Your health recovers twice as slowly from being drained.


Message History

You roll towards the Brimstone Fiend!
You hit the Brimstone Fiend but do no damage.
You tail-slap the Brimstone Fiend. You puncture the Brimstone Fiend!
You freeze the Brimstone Fiend!
Your tail-slap misses the Brimstone Fiend.
The Brimstone Fiend closely misses you.
You block the Brimstone Fiend's attack. x2
You bludgeon the Brimstone Fiend!! You freeze the Brimstone Fiend.
You tail-slap the Brimstone Fiend, but do no damage.
The Brimstone Fiend gestures at you.
The sphere of damnation explodes!
The damnation engulfs you!!!
The damnation engulfs the Brimstone Fiend.
The Brimstone Fiend completely resists.
You impale the Brimstone Fiend!! You freeze the Brimstone Fiend.
The Brimstone Fiend barely misses you.
You block the Brimstone Fiend's attack. x2
You crush the Brimstone Fiend like a grape!!!
You freeze the Brimstone Fiend!
You kill the Brimstone Fiend!
Okawaru accepts your kill.
No target in view!
No target in view!
No target in view!
No target in view!
No target in view!
No target in view!
No target in view!
No target in view!
No target in view!
There is a stone staircase leading up here.
You climb upwards.
There is a stone staircase leading down, spattered with blood here.
You see here a +0 club.
What level of the Dungeon? (default 1, ? - help) You're already here!
There is an open door here.
HP restored.
There is a dry fountain here.
There is a dry fountain here.
There is a fountain of clear blue water here.
There is a staircase leading out of the dungeon here.
You have escaped!

...##.#
#................###...##
#####.#
######.#######.#.........
......# #.# ##.######.#.#
####### #.## #.....# #.#.#
##############..## #..##.#
#.#.# .............†...#
#...#.# #.#.#
################+## #...#.#
#.#.. #...###...###...#
##..#.# #.##.
#.⌠.....⌠.....@.# #..#.#
#.##.
#...###...###...####..#.#
#.##. ##.## #####
#####.....#.# #..>.
#...###...###...#.##.##.#
#####
#.⌠.....⌠.....⌠.#.....#.#
#...###...###...#.......#
##### ##### ##.##.#..########
#...###...###...#.#.........#
#
#.⌠.....⌠.....⌠.#.#...#####.#


There were no monsters in sight!

Vanquished Creatures
  the Royal Jelly (Slime:5)
  3 ancient liches (Zot:5)
  2 dread liches (Zot:5)
  4 orbs of fire (Zot:5)
  Xtahua (Vaults:3)
  Bai Suzhen (Swamp:4)
  11 Killer Klowns
  Saint Roka (Depths:1)
  5 curse toes
  Margery (Vaults:3)
  2 caustic shrikes (Depths:3)
  12 golden dragons
  Norris (Depths:3)
  A bone dragon (Depths:4)
  4 electric golems
  13 tentacled monstrosities
  A Brimstone Fiend (D:2)
  2 walking crystal tomes
  Jorgrun (Elf:2)
  Mlioglotl (Swamp:1)
  Asterion (Snake:3)
  2 deep elf blademasters
  26 Orb Guardians (Zot:5)
  An ancient champion (Depths:2)
  12 acid blobs
  4 titans
  2 walking divine tomes
  7 quicksilver dragons
  3 sphinxes
  A searing wretch (Vaults:3)
  2 deep elf master archers (Elf:3)
  An Executioner (Zot:4)
  Gastronok (D:9)
  Frances (D:14)
  9 death cobs
  Kirke (Lair:5)
  Roxanne (D:14)
  10 shadow dragons
  A tengu reaver (Depths:1)
  Donald (Snake:3)
  The ghost of Epagughe the Warrior, a journeyman MiFi of the Shining One (Orc:2)
  10 storm dragons
  The ghost of Paschim the Severer, a journeyman MiBe of Trog (Orc:2)
  6 draconian knights
  10 rockslimes
  4 deep elf sorcerers
  8 draconian monks
  7 vault wardens
  The ghost of nms23 the Executioner, a journeyman MiBe of Trog (Swamp:3)
  7 nagarajas
  8 fire giants
  3 balrugs
  Louise (D:14)
  4 draconian shifters
  8 azure jellies
  14 frost giants
  2 ghost moths
  An angel (D:15)
  7 draconian scorchers
  5 deep elf elementalists (Elf:3)
  2 draconian stormcallers
  2 ghouls
  11 very ugly things
  The ghost of reasonance the Severer, a journeyman GrBe of Trog (Orc:2)
  5 quicksilver oozes
  9 formless jellyfish
  15 ironbound preservers
  4 deep elf demonologists (Elf:3)
  6 draconian annihilators
  9 stone giants
  A spriggan defender (Depths:3)
  7 eleionomae
  The ghost of blexxed the Severer, a journeyman DsFi of Okawaru (Orc:2)
  8 ironbound thunderhulks
  The ghost of Arcadio the Severer, a journeyman HOMo of Fedhas (Lair:4)
  2 vampire knights
  5 green draconians
  5 white draconians
  A minotaur (Gauntlet)
  3 purple draconians
  3 spark wasps
  9 yellow draconians
  5 deep elf death magi (Elf:3)
  12 dire elephants
  6 deep elf annihilators
  7 black draconians
  A bunyip (Swamp:4)
  10 red draconians
  A blizzard demon (Zot:3)
  The ghost of Bigaod the Fighter, a journeyman DsGl of Ru (Orc:2)
  10 fire dragons
  Josephine (Lair:5)
  A crystal guardian (Vaults:2)
  8 deep elf high priests
  4 yaktaur captains
  An entropy weaver (shapeshifter) (D:13)
  2 ettins
  4 rakshasas
  2 spriggan air magi
  4 ice dragons
  8 great orbs of eyes
  2 ghost crabs (Lair:3)
  14 anacondas
  4 catoblepae
  8 vault guards
  2 peacekeepers (Vaults:2)
  8 ironbound frosthearts
  9 alligators
  25 hydras
  5 ogre magi (Orc:2)
  6 salamander tyrants
  4 two-headed ogres
  4 boulder beetles
  28 dancing weapons
  12 naga warriors
  13 centaur warriors
  12 deep troll shamans
  3 tengu warriors
  A demonic crawler (D:9)
  19 death yaks
  8 deep troll earth magi
  10 orc high priests
  Urug (D:13)
  4 spriggan berserkers
  8 shock serpents
  3 occultists
  12 deep elf knights
  6 naga sharpshooters
  5 sun demons
  15 hell knights
  3 salamander mystics
  7 skysharks
  3 iron trolls
  A death drake (Swamp:1)
  A sixfirhy (Depths:4)
  3 skeletal warriors (Depths:2)
  2 fire crabs
  5 goliath frogs
  3 arcanists
  A spectral hydra (Lair:3)
  12 swamp dragons
  3 glowing orange brains
  7 bog bodies
  8 spriggan druids
  A mana viper (shapeshifter) (Depths:2)
  15 mana vipers
  5 naga ritualists
  12 lindwurms
  12 ironbound convokers
  57 deep trolls
  8 deep elf archers
  5 necromancers
  3 harpies (Vaults:3)
  16 deep elf zephyrmancers
  A shining eye (shapeshifter) (Depths:4)
  A human zombie (Vaults:3)
  2 phantasmal warriors (Depths:1)
  A harpy (shapeshifter) (D:14)
  4 orc knights
  3 orc sorcerers
  A wolf spider (Lair:5)
  19 deep elf pyromancers
  16 elephants
  8 will-o-the-wisps
  19 ugly things
  15 salamanders
  6 cyclopes
  4 large abominations (Depths:3)
  4 shining eyes
  25 moths of wrath
  7 manticores
  16 vault sentinels
  13 guardian serpents
  18 naga magi
  42 black mambas
  A smoke demon (D:9)
  4 gargoyles
  A torpor snail (Lair:5)
  An ice statue (IceCv)
  21 cane toads
  9 komodo dragons
  2 tengu conjurers
  9 rime drakes
  5 unseen horrors
  12 ice devils (IceCv)
  13 yaktaurs
  4 freezing wraiths (IceCv)
  Jeremiah (D:9)
  A red devil (Depths:4)
  A queen bee (shapeshifter) (D:13)
  Psyche (D:9)
  A polar bear (shapeshifter) (Elf:1)
  A hellwing (D:9)
  7 trolls
  A bloated husk (Swamp:1)
  7 polar bears
  A merfolk (shapeshifter) (Depths:3)
  14 hornets
  2 dream sheep (Lair:5)
  Grinder (D:4)
  A tarantella (shapeshifter) (D:15)
  5 tyrant leeches
  14 blink frogs
  3 glass eyes
  A raiju (Gauntlet)
  63 slime creatures
  An air elemental (Elf:3)
  An ettin skeleton (Vaults:3)
  8 small abominations (Depths:3)
  2 centaur simulacra
  A dire elephant simulacrum (IceCv)
  6 wraiths
  2 vampires
  4 basilisks
  6 water elementals
  31 yaks
  14 spriggans
  4 hogs (Lair:5)
  3 fire bats
  2 fire elementals
  A spectral komodo dragon (Lair:3)
  10 wargs (Orc:2)
  17 wyverns
  6 steam dragons
  13 golden eyes
  3 death yak simulacra
  11 vampire mosquitoes
  A neqoxec (Zot:5)
  4 redbacks
  45 nagas
  2 harpy simulacra (IceCv)
  13 swamp worms
  22 water moccasins
  2 acid dragons
  3 hydra simulacra (IceCv)
  A meliai simulacrum (D:13)
  A sky beast (D:7)
  2 black bears (D:11)
  7 orc warriors
  An ice beast (D:13)
  2 laughing skulls (D:15)
  6 swamp drakes (Swamp:4)
  A black mamba simulacrum (Lair:5)
  6 wolves
  7 ogres
  6 centaurs
  2 human skeletons (Vaults:3)
  A phantom (D:6)
  A spectral wyvern (Lair:3)
  6 kobold brigands
  An earth elemental (Elf:3)
  18 bullfrogs
  A two-headed ogre simulacrum (D:13)
  7 scorpions
  A gnoll sergeant (D:12)
  5 cane toad simulacra (IceCv)
  4 wights (D:8)
  8 killer bees
  5 elephant simulacra (IceCv)
  A dream sheep simulacrum (Lair:5)
  4 electric eels
  6 howler monkeys
  2 lava snakes (Lair:3)
  A bombardier beetle (D:7)
  39 orc priests
  5 hounds
  3 jellies
  24 orc wizards
  4 iguanas
  3 hell rats
  3 polar bear simulacra (IceCv)
  A spriggan simulacrum (IceCv)
  4 troll simulacra
  5 wolf simulacra (IceCv)
  A boggart simulacrum (D:13)
  11 gnolls
  10 adders
  6 naga simulacra
  7 river rats (Lair:2)
  2 shadow imps
  6 white imps
  3 ufetubi
  2 dart slugs
  3 ribbon worms
  62 orcs
  5 ball pythons
  9 endoplasms
  6 giant cockroaches
  3 goblins
  A hobgoblin (D:1)
  8 jackals
  3 quokkas
  5 bats
  29 kobolds
  3 rats
1966 creatures vanquished.

Vanquished Creatures (others)
  A fire giant (Depths:2)
  A draconian annihilator (Zot:1)
  A naga warrior (Snake:4)
  2 bloated husks (Swamp:1)
  A water moccasin (Lair:3)
  An electric eel (Lair:3)
  An orc (Orc:2)
  35 foxfires
43 creatures vanquished.

Grand Total: 2009 creatures vanquished

Notes
Turn   | Place    | Note
-------+----------+-------------------------------------------
     0 | D:1      | iamserjio the Armataur Hexslinger began the quest for the
                  | Orb.
     0 | D:1      | Reached XP level 1. HP: 15/15 MP: 2/2
   114 | D:1      | Reached skill level 1 in Fighting
   369 | D:1      | Reached XP level 2. HP: 24/24 MP: 3/3
   562 | D:1      | Learned a level 2 spell: Jinxbite
  1634 | D:1      | Reached skill level 1 in Short Blades
  1634 | D:1      | Reached XP level 3. HP: 5/30 MP: 4/4
  2151 | D:2      | Reached skill level 1 in Maces & Flails
  2151 | D:2      | Reached XP level 4. HP: 37/37 MP: 5/5
  2155 | D:2      | Learned a level 3 spell: Sigil of Binding
  2791 | D:3      | Found a basalt altar of Yredelemnul.
  3323 | D:3      | Found a basalt altar of Yredelemnul.
  3865 | D:4      | Reached XP level 5. HP: 36/45 MP: 6/6
  4292 | D:4      | Identified the +4 ring mail of the World {rF+ Int+4}
  4416 | D:4      | Noticed Grinder
  4423 | D:4      | Paralysed by Grinder for 5 turns
  4429 | D:5      | Entered Level 5 of the Dungeon
  4546 | D:5      | Reached skill level 1 in Evocations
  4546 | D:5      | Reached XP level 6. HP: 47/51 MP: 7/7
  4868 | D:5      | Found a stormy altar of Qazlal.
  5285 | D:5      | Gained mutation: You regenerate magic and health when
                  | rolling toward enemies. (Rampage Regen) [Armataur growth]
  5285 | D:5      | Reached XP level 7. HP: 49/57 MP: 8/8
  5532 | D:5      | Found a shimmering blue altar of Sif Muna.
  5706 | D:5      | Reached skill level 5 in Maces & Flails
  5901 | D:4      | Paralysed by Grinder for 4 turns
  5914 | D:4      | Killed Grinder
  5920 | D:4      | Found a staircase to the Ecumenical Temple.
  5927 | Temple   | Entered the Ecumenical Temple
  5938 | Temple   | Became a worshipper of Warmaster Okawaru
  6030 | D:4      | Reached XP level 8. HP: 64/67 MP: 9/9
  6379 | D:5      | Learned a level 2 spell: Ensorcelled Hibernation
  6381 | D:5      | Learned a level 1 spell: Apportation
  6649 | D:6      | Reached skill level 1 in Ice Magic
  7236 | D:6      | Reached skill level 5 in Fighting
  7624 | D:7      | You fall into a shaft and drop 3 floors!
  7624 | D:10     | Entered Level 10 of the Dungeon
  7669 | D:9      | Found an ornate altar of the Wu Jian Council.
  7979 | D:10     | Reached skill level 1 in Invocations
  8203 | D:9      | Noticed Gastronok
  8234 | D:9      | Reached * piety under Okawaru
  8369 | D:9      | Noticed Jeremiah
  8443 | D:9      | Reached XP level 9. HP: 63/75 MP: 10/10
 10007 | D:7      | Reached ** piety under Okawaru
 10072 | D:7      | Found a sacrificial altar of Ru.
 10681 | D:8      | Reached XP level 10. HP: 84/84 MP: 13/13
 10812 | D:8      | Found an opulent altar of Gozag.
 10915 | D:8      | Found a sparkling altar of Nemelex Xobeh.
 10945 | D:8      | Found a glowing golden altar of the Shining One.
 11001 | D:8      | Learned a level 3 spell: Passwall
 11177 | D:9      | Noticed Psyche
 11426 | D:10     | Reached skill level 5 in Invocations
 11684 | D:10     | Noticed a gargoyle
 11709 | D:10     | Killed a gargoyle
 11710 | D:10     | Reached skill level 10 in Maces & Flails
 12532 | D:11     | Noticed a white ugly thing
 12539 | D:11     | Killed a white ugly thing
 12591 | D:11     | Noticed a cyclops
 12609 | D:11     | Killed a cyclops
 12610 | D:11     | Reached skill level 5 in Evocations
 12733 | D:11     | Noticed an elephant
 12815 | D:11     | Reached XP level 11. HP: 78/94 MP: 14/14
 12866 | D:11     | Found a staircase to the Lair.
 12890 | D:11     | Reached *** piety under Okawaru
 12891 | D:11     | Reached skill level 1 in Armour
 12893 | D:11     | Noticed a deep elf pyromancer
 12904 | D:11     | Killed a deep elf pyromancer
 13010 | D:11     | Identified the +1 leather armour of the Sacrificial Victim
                  | {Will++}
 13308 | D:11     | Noticed a lindwurm
 13308 | D:11     | Noticed a lindwurm
 13309 | D:11     | a lindwurm changed into a cane toad
 13313 | D:11     | a lindwurm changed into a cyclops
 13314 | D:11     | Noticed a lindwurm
 13325 | D:11     | Noticed a lindwurm
 13626 | Lair:1   | Entered Level 1 of the Lair of Beasts
 14103 | Lair:1   | Reached skill level 5 in Armour
 14168 | Lair:1   | Reached **** piety under Okawaru
 14694 | Lair:2   | Found a staircase to the Snake Pit.
 14897 | Lair:2   | Noticed a skyshark
 15060 | Lair:2   | Reached skill level 10 in Fighting
 15060 | Lair:2   | Reached XP level 12. HP: 106/106 MP: 15/15
 15741 | Lair:3   | Noticed an eight-headed hydra
 15791 | Lair:3   | Noticed an eight-headed hydra
 16168 | Lair:2   | Killed an eight-headed hydra
 16347 | Lair:3   | Noticed a five-headed hydra
 16375 | Lair:3   | Killed a five-headed hydra
 16930 | Lair:3   | Killed an eight-headed hydra
 17673 | Lair:3   | Identified the +7 dire flail "Fish" {speed, rN+ Int+3}
 17853 | Lair:3   | Noticed a five-headed hydra
 17867 | Lair:3   | Killed a five-headed hydra
 17921 | Lair:3   | Reached skill level 5 in Dodging
 18485 | Lair:3   | Reached ***** piety under Okawaru
 18907 | Lair:4   | Noticed a death yak
 18907 | Lair:4   | Noticed a death yak
 18908 | Lair:4   | Noticed a death yak
 18909 | Lair:4   | Noticed a death yak
 18909 | Lair:4   | Noticed a death yak
 18919 | Lair:4   | Killed a death yak
 18920 | Lair:4   | Reached XP level 13. HP: 101/118 MP: 14/16
 19315 | Lair:5   | Entered Level 5 of the Lair of Beasts
 19315 | Lair:5   | Found a runed translucent gate.
 19315 | Lair:5   | Found a runed translucent gate.
 19315 | Lair:5   | Found a runed translucent gate.
 19383 | Lair:5   | Noticed Amaterasu's ghost (journeyman TrSh)
 19442 | Lair:5   | Received a gift from Okawaru
 19963 | Lair:5   | Reached skill level 1 in Throwing
 21024 | Lair:4   | Found a runed translucent door.
 21039 | Lair:4   | Found a staircase to the Slime Pits.
 21552 | Lair:5   | Reached skill level 5 in Throwing
 21668 | Lair:5   | Noticed Josephine
 21775 | Lair:5   | Killed Josephine
 21778 | Lair:5   | Reached XP level 14. HP: 75/129 MP: 11/19
 23279 | Lair:4   | You fall into a shaft and drop 1 floor!
 24139 | Lair:4   | Noticed Arcadio's ghost (journeyman HOMo)
 24489 | Lair:4   | Identified a scroll of acquirement
 24809 | Lair:5   | Identified the +3 leather armour "Dithameh" {rC++ Int+4}
 24809 | Lair:5   | Noticed Kirke
 24811 | Lair:5   | Noticed a sphinx
 25552 | Lair:5   | Killed Kirke
 25819 | Lair:5   | Reached skill level 10 in Throwing
 26932 | Lair:4   | Found a staircase to the Slime Pits.
 26976 | Lair:4   | Found a runed translucent door.
 27899 | D:12     | Found a staircase to the Orcish Mines.
 28122 | D:12     | Got the Cyclopedia of Arsenical Causimancy
 28151 | D:12     | Learned a level 4 spell: Passage of Golubria
 28227 | D:13     | Reached XP level 15. HP: 138/138 MP: 20/20
 28583 | D:13     | Found a frozen archway.
 28626 | IceCv    | Entered an ice cave
 29198 | IceCv    | Found an ancient bone altar of Kikubaaqudgha.
 29989 | D:13     | Noticed Urug
 30000 | D:13     | Killed Urug
 30348 | D:11     | Received a gift from Okawaru
 30558 | D:11     | Identified the +0 executioner's axe "Xuloulye" {speed,
                  | rElec SInv}
 30564 | D:11     | Acquired 647 gold pieces
 30965 | D:14     | Noticed Louise
 31014 | D:15     | Entered Level 15 of the Dungeon
 31928 | D:15     | Found a staircase to the Depths.
 32158 | D:9      | Killed Jeremiah
 32296 | D:9      | Killed Gastronok
 32432 | D:9      | Found a shadowy altar of Dithmenos.
 32470 | D:9      | Found an ancient bone altar of Kikubaaqudgha.
 32834 | D:9      | Found a shadowy altar of Dithmenos.
 32896 | D:9      | Found an ancient bone altar of Kikubaaqudgha.
 32905 | D:9      | Killed Psyche
 33146 | D:9      | Found an ornate altar of the Wu Jian Council.
 33332 | Orc:1    | Entered Level 1 of the Orcish Mines
 33969 | Orc:2    | Entered Level 2 of the Orcish Mines
 34104 | Orc:2    | Found a runed translucent gate.
 34104 | Orc:2    | Found a runed translucent gate.
 34104 | Orc:2    | Found a runed translucent gate.
 34110 | Orc:2    | Noticed Bigaod's ghost (journeyman DsGl)
 34110 | Orc:2    | Noticed reasonance's ghost (journeyman GrBe)
 34113 | Orc:2    | Found a staircase to the Elven Halls.
 34117 | Orc:2    | Found a gate leading to a gauntlet.
 34124 | Orc:2    | Noticed blexxed's ghost (journeyman DsFi)
 34125 | Orc:2    | Noticed Paschim's ghost (journeyman MiBe)
 34183 | Orc:2    | Found Egeiw's Antique Armour Boutique.
 34269 | Gauntlet | Entered a Gauntlet
 34269 | Gauntlet | Found a transporter.
 34269 | Gauntlet | Found a transporter.
 34318 | Gauntlet | Found a transporter.
 34319 | Gauntlet | Found a transporter.
 34332 | Gauntlet | Found a transporter.
 34342 | Gauntlet | Found a transporter.
 34350 | Gauntlet | Found a transporter.
 34367 | Gauntlet | Found a transporter.
 34371 | Gauntlet | Found a transporter.
 34385 | Gauntlet | Found a transporter.
 34385 | Gauntlet | Found a transporter.
 34443 | Gauntlet | Found a transporter.
 34583 | Gauntlet | Identified the +2 helmet "Oxioq" {Regen+ rCorr Int-2 Dex+3}
 34693 | Gauntlet | Identified the +6 flail of the Goat {venom, *Noise rCorr
                  | Str+2 Stlth+}
 34693 | Gauntlet | Identified the +7 chain mail of Trial and Error {+Blink
                  | rElec Regen+ Str-4}
 34805 | Orc:2    | Noticed Epagughe's ghost (journeyman MiFi)
 35055 | Orc:2    | Reached skill level 1 in Shields
 35209 | Orc:2    | Reached XP level 16. HP: 147/147 MP: 18/21
 35211 | Orc:2    | Found Jumyacaz's Book Boutique.
 35213 | Orc:2    | Found Mirianargh's Book Shop.
 35499 | Orc:2    | Found Xejuirar's Distillery.
 35507 | Orc:2    | Bought a potion of ambrosia for 112 gold pieces
 35507 | Orc:2    | Bought a potion of invisibility for 112 gold pieces
 35507 | Orc:2    | Bought a potion of heal wounds for 70 gold pieces
 35507 | Orc:2    | Bought a potion of invisibility for 112 gold pieces
 35507 | Orc:2    | Bought a potion of enlightenment for 70 gold pieces
 35507 | Orc:2    | Bought a potion of enlightenment for 70 gold pieces
 35507 | Orc:2    | Bought a potion of lignification for 42 gold pieces
 35937 | Orc:2    | Found Egeiw's Antique Armour Boutique.
 35938 | Orc:2    | Found a staircase to the Elven Halls.
 36025 | Orc:2    | Found Jumyacaz's Book Boutique.
 36027 | Orc:2    | Found Mirianargh's Book Shop.
 36575 | Lair:4   | Killed Arcadio's ghost
 36773 | Elf:1    | Entered Level 1 of the Elven Halls
 37691 | Elf:1    | Reached skill level 15 in Fighting
 37691 | Elf:1    | Reached skill level 10 in Armour
 37771 | Elf:1    | Reached skill level 5 in Shields
 38292 | Elf:2    | Found a runed translucent gate.
 38292 | Elf:2    | Found a runed translucent gate.
 38627 | Elf:2    | Found a runed translucent gate.
 38779 | Elf:3    | Entered Level 3 of the Elven Halls
 38788 | Elf:3    | Found a transporter.
 38789 | Elf:3    | Found a transporter.
 38846 | Elf:3    | Found a transporter.
 38849 | Elf:3    | Found a transporter.
 39011 | Elf:3    | Found a transporter.
 39027 | Elf:3    | Received a gift from Okawaru
 39049 | Elf:3    | Found a transporter.
 39798 | Elf:3    | Noticed a deep elf master archer
 39825 | Elf:3    | Killed a deep elf master archer
 40768 | Elf:3    | Identified the +7 great sword of Vanity {elec, rCorr Str-4
                  | Int+2}
 40768 | Elf:3    | Identified the +2 shadow dragon scales "Fekhlya" {+Blink
                  | rElec rF+ Stlth++++}
 41210 | Elf:3    | Received a gift from Okawaru
 41809 | Elf:3    | Noticed a deep elf blademaster
 41815 | Elf:3    | Killed a deep elf blademaster
 41817 | Elf:3    | Reached XP level 17. HP: 154/156 MP: 20/22
 41824 | Elf:3    | Identified the +4 scale mail of Resed {rF+ Regen+ Int-2}
 41966 | Elf:3    | Identified the +3 battleaxe "Mahuo" {flame, ^Contam rElec
                  | rPois}
 42528 | Elf:3    | Noticed a deep elf master archer
 42533 | Elf:3    | Killed a deep elf master archer
 42570 | Elf:3    | Found the +10 Black Knight's barding {ponderous, rPois rN+}
 42616 | Elf:3    | Identified the staff of Qaor {rElec rC- Conj Fire Earth}
 42797 | Elf:3    | Identified the staff of Doaz {rElec rF- Dex+3 Ice Earth}
 42809 | Elf:3    | Found a transporter.
 43012 | Elf:3    | Found a transporter.
 43022 | Elf:3    | Found a transporter.
 43056 | Elf:3    | Found a transporter.
 43154 | Elf:3    | Found a transporter.
 43784 | Elf:2    | Noticed Jorgrun
 43820 | Elf:2    | Killed Jorgrun
 43874 | Elf:2    | Noticed a deep elf blademaster
 43897 | Elf:2    | Killed a deep elf blademaster
 44404 | Orc:2    | Killed Epagughe's ghost
 44420 | Orc:2    | Killed reasonance's ghost
 44428 | Orc:2    | Killed Bigaod's ghost
 44468 | Orc:2    | Killed blexxed's ghost
 44476 | Orc:2    | Killed Paschim's ghost
 44496 | Orc:2    | Identified the ring "Owetaevo" {rF+ rCorr}
 44548 | Orc:2    | Got the Exposition on Vexing Arson
 44709 | Lair:3   | Found a staircase to the Swamp.
 45149 | Snake:1  | Entered Level 1 of the Snake Pit
 45541 | Snake:1  | Reached skill level 10 in Shields
 45841 | Snake:1  | Identified the amulet of Temptation {Faith rPois rF- rC-
                  | rN+++}
 45880 | Arena    | Entered the Arena
 46459 | Snake:2  | Reached XP level 18. HP: 109/168 MP: 20/23
 47543 | Snake:3  | Noticed Asterion
 47560 | Snake:3  | Noticed Donald
 47583 | Snake:3  | Gained mutation: You are partially covered in iridescent
                  | scales. (AC +2) [a cacodemon]
 47666 | Snake:3  | Received a gift from Okawaru
 47916 | Snake:3  | Killed Donald
 48008 | Snake:3  | Reached skill level 10 in Invocations
 48186 | Snake:3  | Killed Asterion
 48499 | Snake:3  | Reached skill level 15 in Armour
 48674 | Snake:4  | Entered Level 4 of the Snake Pit
 48917 | Snake:4  | Received a gift from Okawaru
 49014 | Snake:4  | Reached skill level 15 in Maces & Flails
 49908 | Snake:4  | Got a serpentine rune of Zot
 50773 | Swamp:1  | Entered Level 1 of the Swamp
 50910 | Swamp:1  | Noticed Mlioglotl
 50920 | Swamp:1  | Killed Mlioglotl
 50921 | Swamp:1  | Reached XP level 19. HP: 177/177 MP: 26/28
 51110 | Swamp:1  | Received a gift from Okawaru
 51150 | Swamp:1  | You fall into a shaft and drop 1 floor!
 52350 | Swamp:3  | Received a gift from Okawaru
 52488 | Swamp:3  | Identified the +2 robe of Untold Secrets {Dex+4}
 52606 | Swamp:3  | Found a runed translucent door.
 52608 | Swamp:3  | Identified the +3 trident "Kaas" {freeze, rElec rCorr
                  | Stlth+}
 52608 | Swamp:3  | Identified the ring "Azor" {Fly rF+ rC+ Dex+6 Stlth+}
 52609 | Swamp:3  | Noticed nms23's ghost (journeyman MiBe)
 52805 | Swamp:3  | Killed nms23's ghost
 52953 | Swamp:4  | Entered Level 4 of the Swamp
 52974 | Swamp:4  | Noticed Bai Suzhen
 52992 | Swamp:4  | Killed Bai Suzhen
 53142 | Swamp:4  | Reached skill level 15 in Invocations
 53196 | Swamp:4  | Got a decaying rune of Zot
 54021 | D:14     | Identified the +7 flail of Minus {freeze, +Blink rF- rN+}
 54080 | D:14     | Noticed Frances
 54094 | D:14     | Killed Frances
 54194 | D:14     | Noticed Roxanne
 54220 | D:14     | Killed Roxanne
 54220 | D:14     | Received a gift from Okawaru
 54225 | D:14     | Identified the +6 trident of the Forgotten Bounties {pain,
                  | ^Drain rPois Int+4}
 54325 | D:14     | Killed Louise
 54381 | D:14     | Found a gate to the Vaults.
 54518 | Vaults:1 | Entered Level 1 of the Vaults
 54800 | Vaults:1 | Reached XP level 20. HP: 171/187 MP: 32/32
 54827 | Vaults:1 | Received a gift from Okawaru
 55704 | Vaults:1 | Received a gift from Okawaru
 56308 | Vaults:2 | Found a transporter.
 56313 | Vaults:2 | Identified the +3 mace "Bicogaen" {freeze, ^Fragile rF-
                  | rCorr Dex+4}
 56353 | Vaults:2 | Found a one-way gate to the infinite horrors of the Abyss.
 56363 | Vaults:2 | Noticed dolemite99's ghost (veteran DrFE)
 56373 | Vaults:2 | Found a transporter.
 56560 | Vaults:2 | Paralysed by a formless jellyfish for 1 turns
 56694 | Vaults:2 | Identified the +8 flail of Joyful Slaughter {holy, *Rage
                  | rPois rN+ Dex+4}
 57053 | Vaults:2 | Received a gift from Okawaru
 57366 | Vaults:3 | Noticed Xtahua
 57385 | Vaults:3 | Killed Xtahua
 57501 | Vaults:3 | Found a staircase to the Crypt.
 57501 | Vaults:3 | Found a basalt altar of Yredelemnul.
 57501 | Vaults:3 | Found an ancient bone altar of Kikubaaqudgha.
 57687 | Vaults:3 | Noticed Margery
 58044 | Vaults:3 | Killed Margery
 58044 | Vaults:3 | Received a gift from Okawaru
 58687 | Vaults:4 | Reached XP level 21. HP: 195/195 MP: 34/34
 58786 | Vaults:4 | Received a gift from Okawaru
 59369 | Vaults:4 | Received a gift from Okawaru
 59369 | Vaults:4 | Reached ****** piety under Okawaru
 59449 | Vaults:4 | Found Koojicar's Armour Shop.
 60055 | Depths:1 | Entered Level 1 of the Depths
 60081 | Depths:1 | Found Yfiteum's CLEARANCE SALE!.
 60115 | Depths:1 | Bought a potion of magic for 48 gold pieces
 60115 | Depths:1 | Bought a scroll of blinking for 45 gold pieces
 60115 | Depths:1 | Bought 3 scrolls of blinking for 135 gold pieces
 60131 | Depths:1 | Found a one-way gate leading to the halls of Pandemonium.
 60254 | Depths:1 | Found a corrupted altar of Lugonu.
 60392 | Depths:1 | Found a gateway to Hell.
 60673 | Depths:1 | Noticed Saint Roka
 60704 | Depths:1 | Killed Saint Roka
 60843 | Depths:1 | Found Noasicw's Magic Scroll Shoppe.
 60845 | Depths:1 | Found Ikhi's Antique Armour Emporium.
 60848 | Depths:1 | Found Zawoch's Book Shoppe.
 60851 | Depths:1 | Bought a scroll of enchant armour for 97 gold pieces
 60851 | Depths:1 | Bought a scroll of revelation for 97 gold pieces
 60851 | Depths:1 | Bought a scroll of enchant weapon for 97 gold pieces
 60851 | Depths:1 | Bought a scroll of enchant armour for 97 gold pieces
 60924 | Depths:1 | Received a gift from Okawaru
 60994 | Depths:1 | Found a shimmering altar of Xom.
 61316 | Depths:2 | Found a broken altar of Ashenzari.
 61493 | Depths:2 | Acquired the +4 pair of gloves of the Shoals {Regen+ rCorr
                  | Dex+4 Stlth+}
 61493 | Depths:2 | Received a gift from Okawaru
 61539 | Depths:2 | Received a gift from Okawaru
 61796 | Depths:2 | Identified the ring of Oqiuceot {Fly Str+4 Int+3 SInv}
 61853 | Depths:2 | Found a transporter.
 62002 | Depths:2 | Received a gift from Okawaru
 62058 | Depths:2 | Reached XP level 22. HP: 166/202 MP: 35/35
 62103 | Depths:2 | Identified the ring "Runokioxki" {EV+5 Str+5 Dex-5}
 62246 | Depths:2 | Identified the ring of Qeed {Will+ rCorr Int+6 Dex-4}
 62359 | Depths:2 | Found a transporter.
 62410 | Depths:2 | Found an ornate altar of the Wu Jian Council.
 62448 | Depths:3 | Received a gift from Okawaru
 62489 | Depths:3 | Noticed Norris
 62516 | Depths:3 | Killed Norris
 62550 | Depths:3 | Noticed a golden dragon
 62566 | Depths:3 | Killed a golden dragon
 62789 | Depths:3 | Noticed a golden dragon
 62822 | Depths:3 | Received a gift from Okawaru
 62830 | Depths:3 | Killed a golden dragon
 62939 | Depths:3 | Identified the +7 war axe of Putrescence {antimagic, ^Drain
                  | rC++}
 62942 | Depths:3 | Noticed a golden dragon
 62942 | Depths:3 | Noticed a caustic shrike
 62953 | Depths:3 | Killed a caustic shrike
 62963 | Depths:3 | Killed a golden dragon
 63055 | Depths:3 | Noticed a caustic shrike
 63059 | Depths:3 | Noticed a golden dragon
 63068 | Depths:3 | Killed a caustic shrike
 63073 | Depths:3 | Killed a golden dragon
 63472 | Depths:4 | Entered Level 4 of the Depths
 63526 | Depths:4 | Received a gift from Okawaru
 64090 | Depths:4 | Gained mutation: You are dopey. (Int -2) [a shining eye]
 64210 | Depths:4 | Noticed a golden dragon
 64230 | Depths:4 | Killed a golden dragon
 64371 | Depths:4 | Found Alutzon's Alliterative Armaments.
 64378 | Depths:4 | Received a gift from Okawaru
 64498 | Depths:4 | Bought a +0 demon whip of distortion for 592 gold pieces
 64526 | Depths:4 | Found a one-way gateway to a ziggurat.
 64724 | Depths:4 | Found a gate to the Realm of Zot.
 64726 | Depths:4 | Upgraded the game from 0.31.0-10-gcf4a605ca0 to
                  | 0.31.0-11-ge490571c62
 65033 | Slime:1  | Entered Level 1 of the Pits of Slime
 65048 | Slime:1  | Reached XP level 23. HP: 212/216 MP: 36/36
 65236 | Slime:4  | Reached skill level 15 in Throwing
 65284 | Slime:5  | Entered Level 5 of the Pits of Slime
 65311 | Slime:5  | Received a gift from Okawaru
 65367 | Slime:5  | Gained mutation: You are very dopey. (Int -4) [a shining
                  | eye]
 65406 | Slime:5  | Found a viscous altar of Jiyva.
 65407 | Slime:5  | Noticed the Royal Jelly
 65421 | Slime:5  | Killed the Royal Jelly
 65496 | Slime:5  | Gained mutation: You are clumsy. (Dex -2) [a shining eye]
 65527 | Slime:5  | Identified the ring "Zud Rek" {Ice rElec rN+ Int-4 Dex+3}
 65540 | Slime:5  | Got a starry gem with 228 turns to spare
 65546 | Slime:5  | Got a slimy rune of Zot
 65547 | Slime:5  | Identified the ring "Bubig" {Will+ Dex+3}
 66066 | Zot:1    | Entered Level 1 of the Realm of Zot
 66665 | Zot:1    | Received a gift from Okawaru
 66691 | Depths:4 | Reached skill level 10 in Dodging
 67490 | Zot:2    | Noticed a curse toe
 67508 | Zot:2    | Killed a curse toe
 67692 | Arena    | Entered the Arena
 67860 | Zot:1    | Received a gift from Okawaru
 67966 | Zot:2    | Reached skill level 10 in Evocations
 68227 | Zot:3    | Noticed a curse toe
 68242 | Zot:3    | Killed a curse toe
 68242 | Zot:3    | Received a gift from Okawaru
 68333 | Zot:3    | Reached XP level 24. HP: 204/226 MP: 37/37
 68602 | Zot:3    | Noticed a Killer Klown
 68611 | Zot:3    | Killed a Killer Klown
 69025 | Zot:5    | Entered Level 5 of the Realm of Zot
 69113 | Zot:5    | Noticed a Killer Klown
 69121 | Zot:5    | Killed a Killer Klown
 69820 | Zot:5    | Noticed a Killer Klown
 69825 | Zot:5    | Noticed an orb of fire
 69827 | Zot:5    | Noticed a dread lich
 69829 | Zot:5    | Received a gift from Okawaru
 69835 | Zot:5    | Killed an orb of fire
 69836 | Zot:5    | Killed a Killer Klown
 69836 | Zot:5    | Killed a dread lich
 69836 | Zot:5    | Noticed an orb of fire
 69861 | Zot:5    | Noticed an ancient lich
 69869 | Zot:5    | Killed an orb of fire
 69872 | Zot:5    | Killed an ancient lich
 69886 | Zot:5    | Noticed a Killer Klown
 69896 | Zot:5    | Noticed a Killer Klown
 69906 | Zot:5    | Killed a Killer Klown
 69909 | Zot:5    | Killed a Killer Klown
 69909 | Zot:5    | Received a gift from Okawaru
 69916 | Zot:5    | Noticed a Killer Klown
 69917 | Zot:5    | Noticed a Killer Klown
 69924 | Zot:5    | Killed a Killer Klown
 69939 | Zot:5    | Killed a Killer Klown
 69969 | Zot:5    | Noticed an orb of fire
 69972 | Zot:5    | Gained mutation: Your health recovers twice as slowly from
                  | being drained. [an orb of fire]
 69974 | Zot:5    | Killed an orb of fire
 70163 | Zot:5    | Reached XP level 25. HP: 235/235 MP: 37/37
 70174 | Zot:5    | Noticed an orb of fire
 70182 | Zot:5    | Noticed a Killer Klown
 70185 | Zot:5    | Killed an orb of fire
 70187 | Zot:5    | Noticed a Killer Klown
 70201 | Zot:5    | Killed a Killer Klown
 70258 | Zot:5    | Noticed an ancient lich
 70273 | Zot:5    | Killed an ancient lich
 70277 | Zot:5    | Noticed a Killer Klown
 70278 | Zot:5    | Received a gift from Okawaru
 70280 | Zot:5    | Noticed a Killer Klown
 70286 | Zot:5    | Killed a Killer Klown
 70294 | Zot:5    | Noticed a dread lich
 70298 | Zot:5    | Noticed an ancient lich
 70303 | Zot:5    | Killed a Killer Klown
 70473 | Zot:5    | Killed an ancient lich
 70489 | Zot:5    | Killed a Killer Klown
 70496 | Zot:5    | Killed a dread lich
 70610 | Zot:5    | Lost mutation: You are clumsy. (Dex -2) [potion of
                  | mutation]
 70610 | Zot:5    | Lost mutation: You are partially covered in iridescent
                  | scales. (AC +2) [potion of mutation]
 70610 | Zot:5    | Gained mutation: Your tail ends in a venomous barb. [potion
                  | of mutation]
 70611 | Zot:5    | Lost mutation: Your tail ends in a venomous barb. [potion
                  | of mutation]
 70611 | Zot:5    | Lost mutation: You are very dopey. (Int -4) [potion of
                  | mutation]
 70611 | Zot:5    | Lost mutation: You are dopey. (Int -2) [potion of mutation]
 70611 | Zot:5    | Gained mutation: You are frail. (-10% HP) [potion of
                  | mutation]
 70611 | Zot:5    | Gained mutation: You are partially covered in iridescent
                  | scales. (AC +2) [potion of mutation]
 70611 | Zot:5    | Gained mutation: You are dopey. (Int -2) [potion of
                  | mutation]
 70612 | Zot:5    | Lost mutation: You are dopey. (Int -2) [potion of mutation]
 70612 | Zot:5    | Lost mutation: You are frail. (-10% HP) [potion of
                  | mutation]
 70612 | Zot:5    | Gained mutation: Your muscles are strong. (Str +4, Int/Dex
                  | -1) [potion of mutation]
 70612 | Zot:5    | Gained mutation: You are dopey. (Int -2) [potion of
                  | mutation]
 70612 | Zot:5    | Gained mutation: You have hidden genetic potential. [potion
                  | of mutation]
 70624 | Zot:5    | Got the Orb of Zot
 71017 | Depths:1 | Noticed Likos the pandemonium lord
 71027 | Depths:1 | Noticed a seraph
 71369 | D:$      | Escaped with the Orb!

Illustrated notes

Levels and vault maps discovered:
D:1:      minmay_arrival_nine_rooms, layout_basic
D:2:      layout_loops_corners
D:3:      layout_basic, nicolae_overflow_crystal_walls
D:4:      kennysheep_spiral_hall, layout_cave_pods,
          minmay_temple_entry_junction, uniq_grinder
D:5:      layout_basic, mainiacjoe_overflow_six_doors_small, led_sif_book
D:6:      layout_layer_cave
D:7:      layout_layer_cave, nicolae_ru_the_path_less_chosen
D:8:      layout_basic, mainiacjoe_overflow_catwalk,
          mainiacjoe_overflow_two_lobes
D:9:      layout_stronghold, nicolae_overflow_hidden_temple,
          kiku_gazebo_garden_becter, general_overflow_altar, uniq_gastronok,
          uniq_jeremiah, uniq_psyche
D:10:     layout_basic, serial_curves, eino_curves_04, eino_curves_01,
          minmay_holes, minmay_misc_feat_tiny, kennysheep_generic_room_6
D:11:     layout_roguey, david_lair_generic, minmay_lindwurm_lava
D:12:     layout_cave_pools, minmay_orc_entry_temple_small
D:13:     layout_basic, serial_ice, serial_ice_h, serial_ice_i, serial_ice_g,
          serial_ice_a, serial_ice_b, serial_ice_e, serial_ice_f, serial_ice_n,
          serial_ice_c, serial_ice_o, portal_ice_cave_entry_ice_simulacra,
          uniq_urug
D:14:     layout_cave_pools, david_vaults_5, serial_park_tiny_2, uniq_louise,
          uniq_frances, uniq_roxanne
D:15:     grunt_enter_depths_hoard, layout_irregular_city, drop_trap
Temple:   hellmonk_temple_flake
Lair:1:   layout_misc_corridors, grunt_megastairs_5
Lair:2:   layout_gridlike, guppyfry_snake_entry_island,
          nicolae_quartered_pool_super, kennysheep_rathole
Lair:3:   layout_chaotic_city, nicolae_swamp_entry_spooky,
          chequers_serial_rivers_micro_b, nicolae_lair_liquid_snakes,
          grunt_megastairs_4
Lair:4:   layout_layer_cave, minmay_slime_entry_pillars,
          ebering_ghost_reflecting_pool, nicolae_lair_yak_garden
Lair:5:   hangedman_lair_in_review, layout_layer_cave,
          hangedman_lair_tendril_chambers, gammafunk_ghost_icy, serial_bayou,
          serial_bayou_ford_a, serial_bayou_crossing, serial_bayou_pond_e,
          uniq_kirke, uniq_josephine, uniq_snorg
Swamp:1:  layout_basic_swamp, nicolae_swamp_trees_clearing,
          infiniplex_staircase_pool_2, uniq_mlioglotl
Swamp:2:  layout_basic_swamp, nicolae_swamp_dense_foliage, swamp_pool_1_2,
          water_boxes_lemuel, infiniplex_staircase_pool
Swamp:3:  layout_basic_swamp, ebering_ghost_funeral_grove,
          nicolae_swamp_round_clearing
Swamp:4:  swamp, layout_basic_swamp, swamp_pool_1_2, nzn_swamp_dancing_lights,
          nicolae_swamp_decorative_isthmus, uniq_bai_suzhen
Snake:1:  layout_cave_shapes, hangedman_snake_sidewinding,
          nicolae_triple_integral
Snake:2:  layout_grid_maze
Snake:3:  layout_honeycomb, uniq_donald, uniq_asterion
Snake:4:  hellmonk_snake_rune_quicksilver_temple, layout_cave_town
Slime:1:  layout_caves
Slime:2:  layout_caves
Slime:3:  layout_caves
Slime:4:  layout_caves
Slime:5:  slime_pit
Orc:1:    layout_diamond_mine, nicolae_orc_seminary
Orc:2:    st_orc_town, layout_caves, gauntlet_entry_generic,
          gammafunk_ghost_cemetery, guppyfry_orc_lava_fort
Elf:1:    layout_onion_city, evilmike_minifort
Elf:2:    elven_hall_of_blades_hangedman_original
          [nicolae_blade_entry_sentries_behind_glass], layout_rooms,
          uniq_jorgrun
Elf:3:    minmay_elf_hall_curves, layout_loops_ring, serial_nicolae_subway,
          nicolae_sub_station_metal, nicolae_sub_station_stone,
          nicolae_sub_station_crystal
Vaults:1: grunt_vaults_swirl, ontoclasm_vaults_bender, grunt_vaults_funnel,
          v_misc_1, nicolae_vaults_little_squares_1,
          vaults_mumra_minichess_inversion, nicolae_vaults_storage_room_glass,
          layout_vaults_omnigrid
Vaults:2: gammafunk_ghost_abyssal_escape, vaults_room_stairs_pillars,
          ontoclasm_vaults_decontamination, nicolae_vaults_little_squares_5,
          vaults_mumra_hexcomb, nicolae_vaults_sesquioval_fish,
          nicolae_vaults_more_shelving_2, nicolae_vaults_apartment_2,
          nicolae_vaults_diagonal_hallway_9, layout_vaults_big_room
Vaults:3: hangedman_vaults_pinch, nicolae_vaults_surprise_closet, v_pattern_5,
          vaults_room_fancy_cross, minmay_crypt_entry_necro_gods,
          vaults_room_ringed_pool, nicolae_vaults_bisected_exclaves,
          vaults_mumra_hex, nicolae_vaults_tetromino_Z_2, ontoclasm_vaults_eye,
          nicolae_vaults_ring_of_whatevers, ontoclasm_vaults_fault,
          nicolae_vaults_house_3, layout_vaults_maze_snakey, uniq_margery,
          uniq_xtahua
Vaults:4: nicolae_vaults_network_s, nicolae_vaults_trapezoid_2,
          nicolae_vaults_diagonal_hallway_7, hangedman_vaults_nodes,
          nicolae_vaults_frosty_reception, vaults_room_door_hall,
          nicolae_vaults_closet_pinwheel_1, hangedman_vaults_maws,
          nicolae_vaults_hexular_roomagon, nicolae_vaults_double_plus_2,
          nicolae_vaults_double_plus_2, v_misc_25, vaults_room_door_ring,
          layout_vaults_omnicross, serial_shops, nicolae_shop_tiny_statue_garden
Depths:1: layout_honeycomb, hell_entry, abyss_entry_flame_altar, pan_entry,
          regret_index_xom_buried_treasure, minmay_misc_feat_columns,
          nicolae_shop_clearance, minmay_shop_star, uniq_saint_roka
Depths:2: hangedman_spin_cycle, hell_entry, pan_entry
Depths:3: cheibrodos_leafed_vault, layout_cave_shapes, hell_entry,
          minmay_room_of_horrors, chequers_serial_rivers_room_b,
          minmay_staircase_statues, uniq_norris
Depths:4: grunt_zot_entry_gee_three, layout_cave_shapes, enter_ziggurat_b,
          serial_bayou_shore_b, hell_entry, monkooky_shop_alliterative,
          serial_bayou_shore_b
Zot:1:    regret_index_infernal_bastille, layout_basic
Zot:2:    layout_onion_interference, regret_index_zot_stipple_split, st_stairs_9
Zot:3:    layout_twisted_circle
Zot:4:    layout_onion_interference
Zot:5:    layout_twisted_circle, grunt_ministairs_5

Skill      XL: |  1  2  3  4  5  6  7  8  9 10 11 12 13 14 15 16 17 18 19 20 21 22 23 24 |
---------------+-------------------------------------------------------------------------+-----
Fighting       | 1 2 3 4 5 6 7 10 12 13 14 15 16 17 18 19 20 21 | 21.0
Short Blades   | 1 |  1.3
Maces & Flails | 1 2 3 4 5 7 9 10 12 13 14 15 16 17 | 17.5
Evocations     | 1 2 5 6 8 10 11 | 11.0
Hexes          | 3 4 |  4.0
Ice Magic      | 1 |  1.0
Invocations    | 2 4 5 6 7 12 16 18 19 20 21 | 21.8
Armour         | 5 9 12 14 15 16 18 19 20 21 | 21.0
Dodging        | 5 7 8 9 10 | 10.9
Throwing       | 5 11 12 13 14 15 17 | 17.9
Shields        | 1 8 10 | 10.0
Ranged Weapons | |  1.3
Spellcasting   | |  1.0
Fire Magic     | |  0.8

Action                     |  1- 3 |  4- 6 |  7- 9 | 10-12 | 13-15 | 16-18 | 19-21 | 22-24 | 25-27 || total
---------------------------+-------+-------+-------+-------+-------+-------+-------+-------+-------++-------
  Melee: Short sword       |    13 |       |       |       |       |       |       |       |       ||    13
         Tailslap          |     3 |    18 |    50 |   150 |   382 |   349 |   518 |   506 |    76 ||  2052
         Punch             |     1 |       |     1 |     2 |       |       |       |       |       ||     4
         Flail             |       |   114 |   135 |     5 |       |       |       |       |       ||   254
         Dire flail        |       |       |   173 |   741 |  1789 |   851 |       |       |       ||  3554
         Unarmed           |       |       |       |       |     1 |       |       |       |       ||     1
         Eveningstar       |       |       |       |       |       |  1024 |  2132 |  1937 |   257 ||  5350
   Fire: Sling             |    99 |    74 |       |       |       |       |       |       |       ||   173
  Throw: Throwing net      |       |     1 |     2 |     1 |       |       |       |       |       ||     4
         Dart              |       |       |    10 |    10 |     9 |     3 |     3 |       |       ||    35
         Javelin           |       |       |       |       |     7 |    78 |    26 |    96 |    14 ||   221
         Boomerang         |       |       |       |       |       |       |     2 |       |       ||     2
   Cast: Jinxbite          |       |     6 |    21 |     6 |       |       |       |       |       ||    33
 Invoke: Heroism           |       |       |     7 |    31 |    54 |    40 |    20 |    32 |     4 ||   188
         Finesse           |       |       |       |       |     8 |     8 |     1 |     9 |     3 ||    29
         Duel              |       |       |       |       |       |     1 |       |     1 |       ||     2
         Receive Armour    |       |       |       |       |       |       |     1 |       |       ||     1
Ability: Evoke Blink       |       |       |       |       |       |     1 |       |       |       ||     1
  Evoke: Wand              |       |     4 |    17 |     9 |     6 |     7 |     1 |     6 |     2 ||    52
         Phial of floods   |       |       |       |       |     1 |       |     1 |       |       ||     2
    Use: Potion            |     1 |       |     3 |     1 |     9 |     7 |     1 |     7 |     8 ||    37
         Scroll            |       |     4 |     7 |     6 |    18 |    12 |    10 |    12 |     6 ||    75
   Stab: Held in net/web   |       |     2 |     1 |     3 |       |       |       |       |       ||     6
         Sleeping          |       |       |     1 |       |       |    13 |    17 |     9 |       ||    40
         Petrified         |       |       |       |       |     5 |       |       |       |       ||     5
         Distracted        |       |       |       |       |     1 |     2 |     3 |     3 |       ||     9
         Invisible         |       |       |       |       |       |     2 |       |    28 |    10 ||    40
 Armour: Scale mail        |    74 |    27 |       |       |       |       |       |       |       ||   101
         Ring mail         |       |    96 |   246 |   516 |   561 |       |       |       |       ||  1419
         Robe              |       |     1 |       |       |       |       |       |       |       ||     1
         Leather armour    |       |       |       |       |    31 |       |       |       |       ||    31
         Skin              |       |       |       |       |     2 |       |       |       |       ||     2
         Crystal plate arm |       |       |       |       |   307 |       |       |       |       ||   307
         Chain mail        |       |       |       |       |    58 |   298 |       |       |       ||   356
         Shadow dragon sca |       |       |       |       |       |   702 |  1443 |  1390 |   119 ||  3654
  Dodge: Dodged            |    25 |    58 |   110 |   325 |   586 |   635 |  1233 |  1060 |   123 ||  4155
  Block: Kite shield       |       |       |       |       |       |   731 |  1417 |  1331 |   161 ||  3640
         Reflection        |       |       |       |       |       |       |    30 |    13 |     4 ||    47
